 Dungeon Crawl Stone Soup version 0.27.1-33-g824d729ab1 (webtiles) character file.

Game seed: 11833549679194411605

93 H0rd4k the Charlatan (level 4, 0/33 HPs)
             Began as a Human Artificer on Dec 21, 2021.
             Slain by a sky beast (2 damage)
             ... on level 7 of the Dungeon.
             The game lasted 00:03:22 (4963 turns).

H0rd4k the Charlatan (Human Artificer)              Turns: 4963, Time: 00:03:22

Health: 0/33       AC:  3    Str: 13    XL:     4   Next: 91%
Magic:  4/4        EV: 12    Int: 12    God:
Gold:   100        SH:  0    Dex: 13    Spells: 3/3 levels left

rFire    . . .     SeeInvis .   i - +1 falchion (holy)
rCold    . . .     Faith    .   (no shield)
rNeg     . . .     Spirit   .   b - +0 leather armour
rPois    .         Reflect  .   (no helmet)
rElec    .         Harm     .   (no cloak)
rCorr    .         Rampage  .   (no gloves)
Will     .....                  (no boots)
Stlth    +.........             (no amulet)
HPRegen  0.11/turn              (no ring)
MPRegen  0.09/turn              (no ring)

@: flying
A: no striking features
a: no special abilities


You were on level 7 of the Dungeon.
You visited 1 branch of the dungeon, and saw 5 of its levels.

You collected 100 gold pieces.

Inventory:

Hand Weapons
 h - a +0 dagger
 i - a +1 falchion of holy wrath (weapon)
Missiles
 c - 4 curare-tipped darts
Armour
 b - a +0 leather armour (worn)
Wands
 d - a wand of charming (8)
 m - a wand of iceblast (13)
Scrolls
 f - 3 scrolls of identify {unknown}
 g - a scroll of amnesia {unknown}
Potions
 a - a potion of flight
 j - a potion of ambrosia {unknown}
 k - a potion of curing {unknown}
 l - a potion of magic {unknown}
 n - a potion of mutation {unknown}
Miscellaneous
 e - a piece from Xom's chessboard (15/15)


   Skills:
 + Level 1.7 Fighting
 + Level 1.0(1.4) Short Blades
 + Level 1.5(1.7) Long Blades
 - Level 2.0 Armour
 + Level 2.1 Dodging
 - Level 1.0 Stealth
 + Level 3.8 Evocations


You had 3 spell levels left.
You didn't know any spells.
Your spell library contained the following spells:

 Spells                   Type           Power      Damage    Failure   Level
 Slow                     Hex            0%         N/A       54%         2
 Confusing Touch          Hex            0%         N/A       77%         3
 Vampiric Draining        Necr           0%         2d6       77%         3


Dungeon Overview and Level Annotations

Branches:
Dungeon (4/15)
 Temple: D:4-7

Altars:

Annotations:
D:2 exclusion: downstairs
D:3 Grinder
D:4 exclusion: upstairs
D:7 2 transporters, emdikay's ghost, amateur GrBe


Message History

Your sky beast flickers out of sight for a moment.
Your sky beast hits something.
Your sky beast shocks something.
Emdikay's ghost yells, "Who would have thought, even in death it is a pleasure to sever!"
A centaur comes into view.
The centaur shouts!
Aiming: Charm
Press: ? - help, Shift-Dir - straight line, f - centaur
Aim: a centaur, quivering arrows (chance to affect: 57%)
The centaur resists with significant effort.
Aiming: Charm
Press: ? - help, Shift-Dir - straight line, f/p - centaur
Aim: a centaur, quivering arrows (chance to affect: 57%)
The centaur resists with significant effort.
The centaur wields a +0 shortbow.
The centaur shoots an arrow.
The arrow completely misses you.
Aiming: Charm
Press: ? - help, Shift-Dir - straight line, f/p - centaur
Aim: a centaur, wielding a +0 shortbow and quivering arrows (chance to affect: 57%)
The centaur is charmed.
What are your orders? t - Shout!
Orders for allies: a - Attack new target. p - Attack previous target. r - Retreat! s - Stop attacking. g - Guard the area. f - Follow me.
Anything else - Cancel.
Guard this area!
Found 21 stones.
You see here 21 stones.
A sky beast comes into view.
The sky beast flickers out of sight!
Deactivating autopickup; reactivate with Ctrl-A.
Something hits you.
* * * LOW HITPOINT WARNING * * *
Something shocks you.
* * * LOW HITPOINT WARNING * * *
Unknown command.
It was a potion of flight.
You feel very buoyant.
You fly up into the air.
Something hits you.
You die...

...# #.# ...+
#.#.. ..#
...# #.#.#
..# ####
#.#.. ..#
#.#.# ..#
#.#.# ..#
#.#.######..#
#.#......{..#
#........@.#
############


There were no monsters in sight!

Vanquished Creatures
  An adder (D:2)
  An adder skeleton (D:4)
  3 worms
  A dart slug (D:2)
  7 orcs
  6 ball pythons
  3 endoplasms
  2 goblins
  4 hobgoblins
  8 jackals
  7 bats
  3 frilled lizards
  8 kobolds
  7 rats
61 creatures vanquished.

Vanquished Creatures (others)
  An iguana (D:7)
1 creature vanquished.

Grand Total: 62 creatures vanquished

Notes
Turn   | Place    | Note
-------+----------+-------------------------------------------
     0 | D:1      | H0rd4k the Human Artificer began the quest for the Orb.
     0 | D:1      | Reached XP level 1. HP: 15/15 MP: 1/1
    14 | D:1      | Found a faded altar of an unknown god.
   761 | D:1      | Reached XP level 2. HP: 15/21 MP: 2/2
  1488 | D:1      | Reached XP level 3. HP: 26/26 MP: 3/3
  2174 | D:2      | HP: 1/26 [worm (7)]
  2512 | D:2      | Reached XP level 4. HP: 16/32 MP: 4/4
  2779 | D:2      | HP: 1/32 [worm (9)]
  3121 | D:2      | Reached skill level 1 in Short Blades
  3140 | D:2      | Reached skill level 1 in Long Blades
  4804 | D:3      | Noticed Grinder
  4804 | D:3      | Paralysed by Grinder for 4 turns
  4867 | D:4      | You fall into a shaft and drop 3 floors!
  4867 | D:7      | Noticed a water moccasin
  4882 | D:7      | Found a transporter.
  4882 | D:7      | Noticed a seven-headed hydra
  4882 | D:7      | Noticed a bullfrog
  4882 | D:7      | Noticed emdikay's ghost (amateur GrBe)
  4894 | D:7      | Found a transporter.
  4901 | D:7      | Noticed a sky beast
  4907 | D:7      | Noticed a sky beast
  4920 | D:7      | Noticed a centaur
  4956 | D:7      | Noticed a sky beast
  4963 | D:7      | Slain by a sky beast

Illustrated notes

Levels and vault maps discovered:
D:1:      giann_horns, layout_loops_corners, basic_ecumenical_altar
D:2:      layout_basic
D:3:      layout_loops_ring, uniq_grinder, uniq_sigmund
D:4:      layout_cave_pods, mainiacjoe_overflow_big_doors
D:7:      layout_basic, lemuel_coloured_pillars_altar, gammafunk_ghost_arena,
          st_stairs_1

Skill      XL: |  1  2  3  4 |
---------------+-------------+-----
Short Blades   | 1 |  1.0
Long Blades    | 1 |  1.5
Dodging        | 2 |  2.1
Fighting       | |  1.7
Armour         | |  2.0
Stealth        | |  1.0
Evocations     | |  3.8

Action                   |  1- 3 |  4- 6 || total
-------------------------+-------+-------++-------
Melee: Club              |    21 |       ||    21
       Dagger            |    71 |       ||    71
       Falchion          |    57 |    81 ||   138
Evoke: Wand              |     9 |    13 ||    22
  Use: Potion            |       |     1 ||     1
 Stab: Sleeping          |     4 |     1 ||     5
       Distracted        |       |     1 ||     1
Armor: Leather armour    |    45 |    15 ||    60
Dodge: Dodged            |    98 |    55 ||   153
       Rpst.: Falchion   |    12 |    11 ||    23
